 Dungeon Crawl Stone Soup version 0.25-a0-733-gf7d8cd8a05 (webtiles) character file.

Game seed: 9570703699386123044, levelgen mode: deterministic

12455 Esekla the Carver (level 11, -1/54 HPs)
             Began as a Vine Stalker Skald on Apr 9, 2020.
             Was a Believer of Ashenzari.
             Slain by a cyan ugly thing (12 damage)
             ... on level 12 of the Dungeon.
             The game lasted 01:49:24 (10062 turns).

Esekla the Carver (Vine Stalker Skald)             Turns: 10062, Time: 01:49:26

Health: -1/54      AC: 11    Str: 14    XL:     11   Next: 93%
Magic:  0/24       EV: 13    Int: 16    God:    Ashenzari [**....]
Gold:   500        SH:  0    Dex: 12    Spells: 9/26 levels left

rFire    . . .     SeeInvis .   e - +6 falchion (elec) (curse)
rCold    . . .     Gourm    .   (no shield)
rNeg     . . .     Faith    .   j - +0 troll leather armour (curse)
rPois    .         Spirit   +   (no helmet)
rElec    .         Reflect  .   b - scarf {repulsion}
rCorr    +         Harm     .   c - +0 pair of gloves
MR       +....                  I - +0 pair of boots
Stlth    +.........             G - amulet of the acrobat (curse)
HPRegen  0.98/turn              g - ring of resist corrosion
MPRegen  0.19/turn              A - ring of flight

@: icy armour, repel missiles
A: fangs 3, blink, clumsy 1, deformed body, regeneration 1, magic shield,
antimagic bite, no potion heal 3, rot immunity
a: Blink, Curse Item, Scrying, Renounce Religion, Evoke Flight


You were on level 12 of the Dungeon.
You worshipped Ashenzari.
Ashenzari was pleased with you.
You were hungry.

You visited 2 branches of the dungeon, and saw 13 of its levels.

You collected 704 gold pieces.
You spent 204 gold pieces at shops.

Inventory:

Hand Weapons
 e - a cursed +6 falchion of electrocution (weapon)
 p - a +2 dagger of pain
 t - a +4 trident
 F - a +4 long sword
Missiles
 m - 4 javelins
 z - 29 boomerangs
 D - 21 poisoned darts (quivered)
Armour
 b - a scarf of repulsion (worn)
 c - a +0 pair of gloves (worn)
 j - a cursed +0 troll leather armour (worn)
 n - a +0 cloak
 I - a +0 pair of boots (worn)
Jewellery
 f - an uncursed ring of ice
 g - a ring of resist corrosion (left hand)
 A - a ring of flight (right hand)
 G - a cursed amulet of the acrobat (around neck)
 K - an uncursed ring of wizardry
Wands
 o - a wand of digging (3)
 q - a wand of clouds (10)
 y - a wand of paralysis (7)
 H - a wand of random effects (30)
Scrolls
 a - 2 scrolls of fog
 h - 3 scrolls of remove curse
 i - 9 scrolls of teleportation
 l - 3 scrolls of noise
 r - 2 scrolls of vulnerability {unknown}
 s - a scroll of immolation {unknown}
 B - 3 scrolls of fear
 C - a scroll of amnesia {unknown}
 E - a scroll of torment {unknown}
 J - a scroll of blinking {unknown}
Potions
 k - 3 potions of stabbing
 u - 4 potions of flight
 v - 2 potions of lignification
 w - a potion of resistance
 x - 2 potions of curing
Comestibles
 d - 24 rations


   Skills:
 + Level 4.6 Fighting
 * Level 9.7(11.8) Long Blades
 + Level 0.8 Throwing
 + Level 3.3 Armour
 + Level 4.0 Dodging
 * Level 8.0 Spellcasting
 + Level 5.7 Conjurations
 * Level 3.9 Hexes
 + Level 4.4 Charms
 + Level 4.6 Translocations
 * Level 6.0 Ice Magic
 * Level 0.4 Air Magic


You had 9 spell levels left.
You knew the following spells:

 Your Spells              Type           Power        Failure   Level  Hunger
a - Airstrike             Air            #.........   75%         4    ####...
d - Infusion              Chrm           ###.         2%          1    None
e - Searing Ray           Conj           ###...       1%          2    None
g - Shroud of Golubria    Chrm/Tloc      ###...       3%          2    None
s - Song of Slaying       Chrm           ###.....     3%          2    None
w - Spectral Weapon       Hex/Chrm       ###.....     8%          3    ##.....
z - Ozocubu's Armour      Chrm/Ice       ###.....     4%          3    ##.....

Your spell library contained the following spells:

 Spells                   Type           Power        Failure   Level  Hunger
 Magic Dart               Conj           ###.         1%          1    None
 Shock                    Conj/Air       ###.         3%          1    None
 Dazzling Flash           Conj/Hex       ###...       5%          3    ##.....
 Gell's Gravitas          Tloc           ###.......   6%          3    ##.....
 Swiftness                Chrm/Air       ##......     8%          2    None
 Confusing Touch          Hex            ###.....     9%          3    ##.....
 Static Discharge         Conj/Air       ###.....     12%         3    ##.....
 Stone Arrow              Conj/Erth      ###...       13%         3    ##.....
 Sandblast                Erth           #.....       14%         1    None
 Iskenderun's Mystic Bla  Conj/Tloc      ###.....     16%         4    ####...
 Fulminant Prism          Conj/Hex       ###.......   19%         4    ####...
 Passwall                 Tmut/Erth      #.......     21%         2    None
 Ignite Poison            Fire/Tmut/Pois #.......     38%         3    ##.....
 Iskenderun's Battlesphe  Conj/Chrm      ###.....     43%         5    #####..
 Metabolic Englaciation   Hex/Ice        ###.......   43%         5    #####..
 Lightning Bolt           Conj/Air       ###.......   71%         5    #####..
 Fireball                 Conj/Fire      ###.......   75%         5    #####..
 Petrify                  Tmut/Erth      #.......     80%         4    ####...
 Bolt of Magma            Conj/Fire/Erth ##........   86%         5    #####..
 Yara's Violent Unravell  Hex/Tmut       ##........   86%         5    #####..
 Lee's Rapid Deconstruct  Erth           #.........   98%         5    #####..
 Iron Shot                Conj/Erth      ###.......   100%        6    #######
 Starburst                Conj/Fire      ###.......   100%        6    #######
 Orb of Destruction       Conj           ###.......   100%        7    #######
 Ring of Flames           Chrm/Fire      ##........   100%        7    #######
 Spellforged Servitor     Conj/Summ      ###.......   100%        7    #######
 Ignition                 Fire           #.........   100%        8    #######


Dungeon Overview and Level Annotations

Branches:
Dungeon (12/15)            Temple (1/1) D:7            Lair (0/6) D:11
    Orc (0/2) D:9

Altars:
Ashenzari
Cheibriados
Dithmenos
Elyvilon
Fedhas
Gozag
Hepliaklqana
Kikubaaqudgha
Makhleb
Nemelex Xobeh
Okawaru
Qazlal
Ru
Sif Muna
Trog
Uskayaw
Vehumet
Wu Jian
Xom
Yredelemnul
Zin
The Shining One

Shops:
D:5 }   D:10 *


Innate Abilities, Weirdness & Mutations

You have razor-sharp teeth.
Your natural rate of healing is unusually fast.
When hurt, damage is shared between your health and your magic reserves.
Your bite disrupts and absorbs the magic of your enemies.
Potions cannot restore your health.
You are immune to rotting.
You can translocate small distances at will.
You are clumsy. (Dex -2)
Armour fits poorly on your strangely shaped body.


Message History

Lightning courses through the vampire mosquito!!
You destroy the vampire mosquito!
Your Spellcasting skill increases to level 8!
There is an open door here.
You close the door.
A cyan ugly thing opens the door.
Okay, then.
Casting: Shroud of Golubria (safe; 3% risk of failure)
Confirm with . or Enter, or press ? or * to list all spells.
You draw out your weapon's spirit!
Casting: Spectral Weapon (safe; 8% risk of failure)
Confirm with . or Enter, or press ? or * to list all spells.
A film of ice covers your body! The cyan ugly thing gores you!
The cyan ugly thing shocks you!
You hit the cyan ugly thing.
The cyan ugly thing is lightly wounded.
Your spectral weapon closely misses the cyan ugly thing.
The cyan ugly thing gores you!
* * * LOW HITPOINT WARNING * * *
The cyan ugly thing shocks you!
You die...

#...........##.#......#........##
#...........##.#.....##..........
#...#####.#.##.#.....#......#....
#...........................'....
#....).........#............#....
#..............#........ * ..
#.............(...# , ..
####.......####...# *, * *.. ,
....... *#.@(# *,** , , .......
*##u## ,* *, * #####.., #..# , #.
.,* ##.# * , * ...####.##* *** ,
, #..(...# * , ,, , #......# ,, ,
,, , #......##, * , #.......# ,,,


You could see a cyan ugly thing and a friendly spectral +6 falchion of
electrocution.

Vanquished Creatures
  Harold (D:7)
  3 two-headed ogres
  Urug (D:10)
  An ugly thing (D:12)
  A centaur skeleton (D:9)
  A gargoyle (D:10)
  A kobold demonologist (D:12)
  A merfolk (D:10)
  2 hornets
  3 trolls (D:12)
  2 hippogriffs
  A wraith (D:10)
  7 yaks
  A basilisk (D:11)
  5 vampire mosquitoes (D:12)
  Duvessa (D:7)
  5 orc warriors
  2 ice beasts
  3 sky beasts
  3 phantoms
  5 ogres
  2 centaurs
  A crocodile (D:11)
  2 big kobolds
  3 bullfrogs (D:10)
  6 scorpions
  Dowan (D:7)
  3 howler monkeys
  An electric eel (D:7)
  2 crimson imps (D:5)
  A bullfrog zombie (D:12)
  3 hounds
  4 jellies
  12 orc wizards
  10 orc priests
  Crazy Yiuf (D:2)
  A bullfrog skeleton (D:9)
  3 iguanas
  Ijyb (D:4)
  11 worker ants
  A hound zombie (D:7)
  A hound skeleton (D:5)
  A howler monkey zombie (D:8)
  6 gnolls
  13 adders
  A shadow imp (D:5)
  2 oozes
  3 adder skeletons
  4 worms
  2 dart slugs
  7 leopard geckos
  37 orcs
  2 ball pythons
  7 bats
  6 giant cockroaches
  5 goblins
  8 hobgoblins
  7 jackals
  16 kobolds
  2 quokkas
  6 frilled lizards
  A leopard gecko skeleton (D:5)
  2 quokka skeletons
  A quokka zombie (D:5)
  5 rats
264 creatures vanquished.

Notes
Turn   | Place    | Note
-------+----------+-------------------------------------------
     0 | D:1      | Esekla the Vine Stalker Skald began the quest for the Orb.
     0 | D:1      | Reached XP level 1. HP: 11/11 MP: 4/4
   290 | D:1      | Reached XP level 2. HP: 14/15 MP: 6/6
   294 | D:1      | Learned a level 2 spell: Shroud of Golubria
   297 | D:1      | Learned a level 2 spell: Song of Slaying
   538 | D:1      | Reached skill level 2 in Long Blades
   780 | D:1      | Reached skill level 1 in Translocations
   780 | D:1      | Reached XP level 3. HP: 18/18 MP: 7/7
  1093 | D:2      | Reached skill level 1 in Armour
  1397 | D:2      | Gained mutation: Your natural rate of healing is unusually
                  | fast. [Vine Stalker growth]
  1397 | D:2      | Reached XP level 4. HP: 10/23 MP: 1/9
  1468 | D:2      | Learned a level 3 spell: Ozocubu's Armour
  1513 | D:2      | Found a runed translucent door.
  1514 | D:2      | Noticed Crazy Yiuf
  1836 | D:2      | Killed Crazy Yiuf
  2007 | D:3      | Reached XP level 5. HP: 27/27 MP: 10/10
  2008 | D:3      | Found a bloodstained altar of Trog.
  2612 | D:3      | Reached skill level 1 in Ice Magic
  3007 | D:4      | Learned a level 2 spell: Searing Ray
  3069 | D:4      | Reached skill level 3 in Long Blades
  3069 | D:4      | Reached XP level 6. HP: 32/32 MP: 8/11
  3434 | D:4      | Noticed Ijyb
  3443 | D:4      | Killed Ijyb
  3575 | D:5      | Entered Level 5 of the Dungeon
  3605 | D:4      | Reached skill level 1 in Conjurations
  3693 | D:4      | Reached XP level 7. HP: 26/35 MP: 9/13
  4016 | D:5      | Reached skill level 4 in Long Blades
  4083 | D:5      | Found Bufatwab's Gadget Boutique.
  4233 | D:5      | Gained mutation: You have razor-sharp teeth. [Vine Stalker
                  | growth]
  4233 | D:5      | Reached XP level 8. HP: 39/39 MP: 12/15
  4356 | D:5      | Found a glowing golden altar of the Shining One.
  4392 | D:5      | Upgraded the game from 0.25-a0-731-g0472a16d6a to
                  | 0.25-a0-733-gf7d8cd8a05
  4942 | D:6      | Reached skill level 5 in Long Blades
  5443 | D:7      | Found a staircase to the Ecumenical Temple.
  5460 | Temple   | Entered the Ecumenical Temple
  5533 | Temple   | Became a worshipper of Ashenzari the Shackled
  5676 | D:7      | Noticed Dowan
  5682 | D:7      | Noticed Duvessa
  5683 | D:7      | Killed Dowan
  5691 | D:7      | Killed Duvessa
  5821 | D:7      | Noticed Harold
  5836 | D:7      | Killed Harold
  5836 | D:7      | Reached skill level 6 in Long Blades
  5836 | D:7      | Reached skill level 5 in Spellcasting
  5836 | D:7      | Reached XP level 9. HP: 44/44 MP: 15/17
  6037 | D:7      | Found a snail-covered altar of Cheibriados.
  6257 | D:8      | Noticed a hornet
  6267 | D:8      | Killed a hornet
  6373 | D:8      | Reached * piety under Ashenzari
  6440 | D:8      | Reached skill level 7 in Long Blades
  6459 | D:8      | Reached XP level 10. HP: 43/49 MP: 16/19
  6698 | D:8      | Learned a level 3 spell: Spectral Weapon
  7158 | D:9      | Noticed a two-headed ogre
  7169 | D:9      | Gained mutation: You are clumsy. (Dex -2) [potion of
                  | mutation]
  7169 | D:9      | Gained mutation: Armour fits poorly on your strangely
                  | shaped body. [potion of mutation]
  7169 | D:9      | Gained mutation: You can translocate small distances at
                  | will. [potion of mutation]
  7235 | D:10     | Entered Level 10 of the Dungeon
  7237 | D:10     | Noticed a gargoyle
  7334 | D:10     | Noticed a two-headed ogre
  7477 | D:11     | Found a shimmering altar of Xom.
  7495 | D:11     | Noticed a two-headed ogre
  7540 | D:10     | Noticed Urug
  7614 | D:10     | Killed a gargoyle
  7614 | D:10     | Reached skill level 1 in Hexes
  7673 | D:10     | Reached ** piety under Ashenzari
  7680 | D:10     | Killed a two-headed ogre
  7680 | D:10     | Reached skill level 8 in Long Blades
  7680 | D:10     | Reached skill level 5 in Ice Magic
  7688 | D:10     | Killed Urug
  7833 | D:10     | Found Yheumpunt's Assorted Antiques.
  7843 | D:10     | Bought a scroll labeled ATICRABR BYIPP for 24 gold pieces
  7910 | D:10     | Reached skill level 5 in Conjurations
  7913 | D:10     | Reached XP level 11. HP: 47/53 MP: 20/22
  8223 | D:9      | Found a staircase to the Orcish Mines.
  8320 | D:9      | Killed a two-headed ogre
  9145 | D:11     | Reached skill level 9 in Long Blades
  9269 | D:11     | Killed a two-headed ogre
  9370 | D:11     | Found a staircase to the Lair.
  9580 | D:10     | Bought a scroll of enchant weapon for 180 gold pieces
  9625 | D:12     | Noticed a red ugly thing
  9643 | D:12     | Killed a red ugly thing
  9852 | D:11     | Learned a level 4 spell: Airstrike
 10044 | D:12     | Noticed a cyan ugly thing
 10062 | D:12     | Slain by a cyan ugly thing

Levels and vault maps discovered:
D:1:      dpeg_arrival_tiny_k, layout_rooms, serial_co_window_serial,
          co_window_corner_a, co_window_paths_b, co_window_paths_b,
          co_window_of_opportunity_a, co_window_of_opportunity_a,
          co_window_corner_cb, co_window_broadway_c, co_window_of_opportunity_b,
          co_window_paths_c, co_window_2corner, co_window_cross_4,
          co_window_unsneaky_path_e, co_window_paths_e, glass_columns_b,
          glass_columns_a, glass_columns_a, glass_columns_a
D:2:      layout_basic, uniq_crazy_yiuf_cottage
D:3:      layout_basic, nicolae_overflow_crystal_walls
D:4:      layout_loops_cross, first_ration, uniq_ijyb
D:5:      minmay_chambers_of_threes, layout_loops_cross, serial_shops, shop,
          basic_altar, minmay_circle_x
D:6:      layout_basic, grunt_ministairs_1
D:7:      layout_loops_corners, minmay_temple_entry_mini_moons, basic_altar,
          fountainhead, uniq_duvessa, uniq_harold
D:8:      layout_cave_pools
D:9:      layout_basic, orc_0_dummy
D:10:     layout_basic, serial_shops, shop_fountains, hangedman_fish_farm,
          centaur_isle, uniq_urug
D:11:     layout_gridville, david_lair_generic, basic_altar
D:12:     layout_basic, serial_shops, shop
Temple:   dpeg_three_leaves_temple

Skill      XL: |  1  2  3  4  5  6  7  8  9 10 11 |
---------------+----------------------------------+-----
Fighting       | 2 3 4 |  4.6
Long Blades    | 2 3 4 6 7 8 9 |  9.7
Translocations | 1 2 3 4 |  4.6
Armour         | 1 2 3 |  3.3
Dodging        | 2 3 4 |  4.0
Spellcasting   | 3 4 5 6 8 |  8.0
Ice Magic      | 1 2 3 4 5 6 |  6.0
Conjurations   | 1 3 4 5 |  5.7
Hexes          | 2 3 |  3.9
Charms         | 4 |  4.4
Throwing       | |  0.8
Air Magic      | |  0.4

Action                   |  1- 3 |  4- 6 |  7- 9 | 10-12 || total
-------------------------+-------+-------+-------+-------++-------
Melee: Falchion          |   109 |   148 |   233 |   304 ||   794
       Bite              |    27 |    45 |    70 |    77 ||   219
Throw: Boomerang         |       |       |     4 |    10 ||    14
       Dart              |       |       |       |    13 ||    13
 Cast: Shroud of Golubri |     1 |     9 |     8 |    16 ||    34
       Song of Slaying   |     1 |     1 |     7 |     6 ||    15
       Ozocubu's Armour  |       |     2 |     7 |    18 ||    27
       Searing Ray       |       |     2 |       |       ||     2
       Spectral Weapon   |       |       |       |     1 ||     1
Invok: Curse Item        |       |       |     1 |     2 ||     3
 Abil: Blink             |       |       |       |     5 ||     5
  Use: Scroll            |       |     6 |     5 |     7 ||    18
       Potion            |       |     1 |     2 |     3 ||     6
  Eat: Chunk             |     2 |     5 |    10 |     6 ||    23
       Ration            |       |     1 |       |     2 ||     3
Armor: Leather armour    |    38 |    39 |    66 |    20 ||   163
       Steam dragon scal |       |       |       |    28 ||    28
       Troll leather arm |       |       |       |     2 ||     2
Dodge: Dodged            |    77 |    86 |   147 |   202 ||   512
       Deflected         |       |       |       |     1 ||     1
       Rpst.: Falchion   |    27 |    28 |    39 |    55 ||   149

Table legend:
 A = Non-vault XP
 B = Vault XP
 C = Vault XP percentage of total XP
 D = Non-vault monster count
 E = Vault monster count
 F = Vault count percentage of total count
                 A         B        C        D         E       F
            +---------+---------+-------+---------+---------+-------
      Total |   14094 |    3700 |  20.8 |     237 |      27 |  10.2
            +---------+---------+-------+---------+---------+-------
        D:1 |      39 |       0 |   0.0 |      19 |       0 |   0.0
        D:2 |      55 |      39 |  41.5 |      24 |       1 |   4.0
        D:3 |      97 |       0 |   0.0 |      18 |       0 |   0.0
        D:4 |     374 |      36 |   8.8 |      18 |       1 |   5.3
        D:5 |     438 |     277 |  38.7 |      22 |      11 |  33.3
        D:6 |     116 |     227 |  66.2 |       8 |       5 |  38.5
        D:7 |     562 |    1209 |  68.3 |      20 |       3 |  13.0
        D:8 |    1577 |       0 |   0.0 |      30 |       0 |   0.0
        D:9 |    2042 |       0 |   0.0 |      14 |       0 |   0.0
       D:10 |    3669 |    1176 |  24.3 |      21 |       2 |   8.7
       D:11 |    1975 |     736 |  27.1 |      21 |       4 |  16.0
       D:12 |    3150 |       0 |   0.0 |      22 |       0 |   0.0
            +---------+---------+-------+---------+---------+-------
